 Dungeon Crawl Stone Soup version 0.23.2-40-g277498a (webtiles) character file.

Game seed: 13639660942444295148

30 silentkaos13 the Insei (level 3, -5/23 HPs)
             Began as an Octopode Transmuter on Oct 3, 2019.
             Slain by a gnoll
             ... wielding a +0 flail
              (9 damage)
             ... on level 2 of the Dungeon.
             The game lasted 00:02:13 (810 turns).

silentkaos13 the Insei (Octopode Transmuter)         Turns: 810, Time: 00:02:14

Health: -5/23      AC:  1    Str:  9    XL:     3   Next: 20%
Magic:  0/6        EV: 13    Int: 16    God:
Gold:   83         SH:  0    Dex: 12    Spells: 0/6 levels left

rFire    . . .     SeeInvis .     - Unarmed
rCold    . . .     Gourm    .   (no shield)
rNeg     . . .     Faith    .   (helmet restricted)
rPois    .         Spirit   .   (no amulet)
rElec    .         Reflect  .   (no ring)
rCorr    .         Harm     .   (no ring)
MR       .....                  (no ring)
Stlth    +++.......             (no ring)
HPRegen  0.07/turn              (no ring)
MPRegen  0.10/turn              (no ring)
                                (no ring)
                                (no ring)

@: very slightly contaminated
A: almost no armour, stealthy swim, amphibious, 8 rings, constrict 8, camouflage
1, gelatinous body 1
a: no special abilities


You were on level 2 of the Dungeon.
You were not hungry.

You visited 1 branch of the dungeon, and saw 2 of its levels.

You collected 83 gold pieces.

Inventory:

Missiles
 a - 31 arrows
Jewellery
 h - an uncursed amulet of regeneration {unknown}
 i - an uncursed ring of see invisible {unknown}
Scrolls
 b - 2 scrolls of teleportation {unknown}
 d - a scroll of magic mapping {unknown}
 e - a scroll of fog {unknown}
 g - a scroll of fear {unknown}
 j - a scroll of blinking {unknown}
 m - a scroll of identify {unknown}
Potions
 f - a potion of flight {unknown}
 k - a potion of might {unknown}
 l - a potion of heal wounds {unknown}
Comestibles
 c - 5 rations


   Skills:
 * Level 1.2 Fighting
 + Level 2.2 Dodging
 - Level 1.0 Stealth
 + Level 3.6 Unarmed Combat
 + Level 2.2 Spellcasting
 + Level 2.1 Transmutations


You couldn't memorise any spells.
You knew the following spells:

 Your Spells              Type           Power        Failure   Level  Hunger
a - Beastly Appendage     Tmut           #.....       9%          1    #......
b - Sticks to Snakes      Tmut           #.......     13%         2    ###....
c - Spider Form           Tmut/Pois      #.........   36%         3    ###....

Your spell library contained the following spells:

 Spells                   Type           Power        Failure   Level  Hunger
 Ice Form                 Ice/Tmut       #.......     78%         4    #####..
 Blade Hands              Tmut           #.........   93%         5    ######.


Dungeon Overview and Level Annotations

Branches:
Dungeon (2/15)

Altars:
Elyvilon


Innate Abilities, Weirdness & Mutations

You cannot wear most types of armour.
You are very stealthy in the water. (Stealth+)
You are amphibious.
You can wear up to eight rings at the same time.
You can use your tentacles to constrict eight enemies at once.
Your skin changes colour to match your surroundings (Stealth+).
Your rubbery body absorbs attacks. (AC +1, EV +1)


Message History

You are very lightly contaminated with residual magic.
You feel faint for a moment.
The gnoll shouts!
You hear a shout! x2
Casting: Spider Form (slightly dangerous; 36% risk of failure)
Confirm with . or Enter, or press ? or * to list all spells.
You miscast Spider Form.
You feel mildly nauseous. The gnoll hits you with a +0 flail.
Casting: Spider Form (slightly dangerous; 36% risk of failure)
Confirm with . or Enter, or press ? or * to list all spells.
You don't have enough magic to cast that spell.
You barely miss the gnoll. You grab the gnoll. You constrict the gnoll.
The gnoll hits you with a +0 flail.
You tentacle-slap the gnoll.
The gnoll is moderately wounded.
You constrict the gnoll. The gnoll hits you with a +0 flail!
* * * LOW HITPOINT WARNING * * *
You tentacle-slap the gnoll.
The gnoll is severely wounded.
You constrict the gnoll. The gnoll hits you with a +0 flail!
You die...

.[≈≈≈≈≈.≈ #.≈≈≈≈≈.≈
#........ #.#.# #.#
#.#.# #.# #.#.# #.#
#.#.# #.#
#.#.###########.#
####.#..........@g.#
............########
............#
............#
#############


You could see a gnoll.

Vanquished Creatures
  An adder (D:2)
  2 leopard geckos
  2 giant cockroaches (D:1)
  2 goblins
  2 hobgoblins
  2 kobolds
  3 bats (D:1)
  A frilled lizard (D:1)
  5 rats (D:1)
20 creatures vanquished.

Notes
Turn   | Place    | Note
-------+----------+-------------------------------------------
     0 | D:1      | silentkaos13 the Octopode Transmuter began the quest for
                  | the Orb.
     0 | D:1      | Reached XP level 1. HP: 13/13 MP: 3/3
    55 | D:1      | Reached XP level 2. HP: 16/18 MP: 5/5
   372 | D:1      | Reached skill level 1 in Stealth
   681 | D:2      | Reached XP level 3. HP: 15/23 MP: 4/6
   722 | D:2      | Found a white marble altar of Elyvilon.
   802 | D:2      | Learned a level 2 spell: Sticks to Snakes
   806 | D:2      | Learned a level 3 spell: Spider Form
   810 | D:2      | Slain by a gnoll

Skill      XL: |  1  2 |
---------------+-------+-----
Stealth        | 1 |  1.0
Fighting       | |  1.2
Dodging        | |  2.2
Unarmed Combat | |  3.6
Spellcasting   | |  2.2
Transmutations | |  2.1

Action                   || total
-------------------------++-------
Melee: Unarmed           ||    44
       Constrict         ||    12
       Tentacles         ||     3
       Kick              ||     7
 Cast: Beastly Appendage ||     5
 Stab: Sleeping          ||     6
Armor: Skin              ||     5
Dodge: Dodged            ||    22
